 Dungeon Crawl Stone Soup version 0.17-a0-1596-g1e86911 (webtiles) character file.

390 Promi the Digger (level 6, -1/32 HPs)
             Began as a Gargoyle Earth Elementalist on July 30, 2015.
             Slain by Menkaure (13 damage)
             ... on level 4 of the Dungeon.
             The game lasted 00:26:39 (3849 turns).

Promi the Digger (Gargoyle Earth Elementalist)      Turns: 3849, Time: 00:26:39

Health: -1/32      AC: 10    Str: 11    XL:     6   Next: 80%
Magic:  9/10       EV: 12    Int: 18    God:
Gold:   293        SH:  0    Dex: 10    Spells: 4 memorised, 2 levels left

rFire  . . .     SeeInvis .     g - +0 hand axe
rCold  . . .     Clarity  .     f - +0 robe
rNeg   + . .     SustAt   .     (no shield)
rPois  ∞         Gourm    .     (no helmet)
rElec  +         Spirit   .     k - +0 cloak
rCorr  .         Warding  .     (no gloves)
rMut   .         Stasis   .     (no boots)
MR     .....                    u - amulet of regeneration
Stlth  ++........               (no ring)
                                (no ring)

@: stone skin, not resistant to hostile enchantments, unstealthy
A: negative energy resistance 1, electricity resistance, unbreathing,
petrification resistance, rot immunity, AC +4
a: no special abilities


You were on level 4 of the Dungeon.
You were very hungry.

You visited 2 branches of the dungeon, and saw 5 of its levels.

You collected 293 gold pieces.

Inventory:

Hand weapons
 g - a +0 hand axe (weapon)
Missiles
 a - 117 stones (quivered)
Armour
 f - a +0 robe (worn)
 k - a +0 cloak (worn)
Magical staves
 y - an uncursed staff of energy
Jewellery
 e - an uncursed ring of fire
 u - an amulet of regeneration (around neck)
Magical devices
 r - a wand of fire (7)
Scrolls
 h - 2 scrolls of teleportation
 m - 3 scrolls of identify
 A - a scroll of remove curse
Potions
 i - 5 potions of lignification {unknown}
 j - a potion of ambrosia
 l - 3 potions of might {unknown}
 n - 2 potions of agility {unknown}
 p - 2 potions of curing {unknown}
 q - a potion of haste {unknown}
 t - a potion of resistance {unknown}
 x - a potion of flight {unknown}
 z - a potion of degeneration {unknown}
Books
 c - a book of Geomancy

   Spells                             Type                      Level
   a - Sandblast                      Earth                        1
   b - Stoneskin                      Transmutation/Earth          2
   c - Passwall                       Transmutation/Earth          3
   d - Stone Arrow                    Conjuration/Earth            3
   e - Petrify                        Transmutation/Earth          4
   f - Lee's Rapid Deconstruction     Earth                        5
Comestibles
 b - a slice of pizza
 d - 5 bread rations
 v - a royal jelly
 w - a meat ration


   Skills:
 + Level 3.2 Dodging
 + Level 4.6 Stealth
 + Level 3.3 Spellcasting
 - Level 0.7 Transmutations
 + Level 5.5 Earth Magic


You had 2 spell levels left.
You knew the following spells:

 Your Spells              Type           Power        Failure   Level  Hunger
a - Sandblast             Erth           ###...       1%          1    None
b - Stoneskin             Trmt/Erth      ##......     10%         2    ##.....
c - Passwall              Trmt/Erth      ##........   17%         3    ###....
d - Stone Arrow           Conj/Erth      ##....       17%         3    ###....


Dungeon Overview and Level Annotations

Branches:
Dungeon (4/15)             Temple (1/1) D:4

Altars:
Ashenzari
Cheibriados
Dithmenos
Elyvilon
Fedhas
Gozag
Makhleb
Nemelex Xobeh
Okawaru
Qazlal
Ru
Trog
Xom
Yredelemnul
Zin
The Shining One

Annotations:
D:2 Terence
D:4 Menkaure


Innate Abilities, Weirdness & Mutations

You are resistant to torment.
Your stone body is resilient (AC +4).
You are immune to poison.
You resist negative energy.
You are resistant to electric shocks.
You can survive without breathing.
You are immune to petrification.
You are immune to rotting.


Message History

Menkaure calls on the powers of darkness!
Your body is wracked with pain!
You hit Menkaure.
Menkaure is moderately damaged.
Menkaure calls on the powers of darkness!
Your body is wracked with pain!
You barely miss Menkaure.
Menkaure is moderately damaged.
Menkaure casts a spell at you. Pain shoots through your body!
Menkaure barely misses you.
You closely miss Menkaure.
Menkaure is moderately damaged.
Menkaure hits you but does no damage.
You hit Menkaure.
Menkaure is moderately damaged.
Menkaure hits you!
You completely miss Menkaure.
Menkaure is moderately damaged.
Menkaure hits you!
You die...

.##..........#...#####....####.#.
.............+...# #...........
.##..........#...# #...........
<##.##########...#####....####.#.
.##.# #...##.......# #.## .##.###
#...##.##....# .... ......#
#...##.##....# #.... ......###
#..M##.##.(..# #....
#..............#@##.##....# #....
#............M.#.##.##....# #....
#..............#..#.###'#'###....
#..............#..#.# #..........
#..............#..#.# #..........
#.............##....# #..........
#............. #.#..# #..........
#........ #.#..# #......#'##
#.##.###......#.##


You could see Menkaure.

Vanquished Creatures
  A phantom (D:4)
  An iguana (D:4)
  3 orc wizards (D:4)
  Jessica (D:3)
  A worker ant (D:4)
  2 gnolls (D:1)
  3 adders
  An ooze (D:3)
  A worm (D:2)
  4 giant geckos
  10 orcs
  7 bats
  A giant cockroach (D:3)
  11 hobgoblins
  2 jackals (D:2)
  9 kobolds
  3 quokkas
  7 giant newts
  6 goblins
  A jackal skeleton (D:4)
  6 rats
81 creatures vanquished.

Vanquished Creatures (others)
  An orc wizard (D:3)
1 creature vanquished.

Grand Total: 82 creatures vanquished

Notes
Turn   | Place    | Note
--------------------------------------------------------------
     0 | D:1      | Promi the Gargoyle Earth Elementalist began the quest for the Orb.
     0 | D:1      | Reached XP level 1. HP: 10/10 MP: 3/3
   118 | D:1      | Reached XP level 2. HP: 12/15 MP: 3/5
   126 | D:1      | Learned a level 2 spell: Stoneskin
   234 | D:1      | Reached skill level 4 in Earth Magic
   301 | D:1      | Reached XP level 3. HP: 13/19 MP: 2/6
   308 | D:1      | Learned a level 3 spell: Passwall
   756 | D:1      | Found a basalt altar of Yredelemnul.
  1181 | D:2      | Reached XP level 4. HP: 18/24 MP: 7/7
  1227 | D:2      | Found a blossoming altar of Fedhas.
  1380 | D:2      | Found a glowing silver altar of Zin.
  1751 | D:3      | Noticed Jessica
  1781 | D:3      | Killed Jessica
  1878 | D:3      | Reached XP level 5. HP: 24/28 MP: 8/8
  1883 | D:3      | Learned a level 3 spell: Stone Arrow
  2437 | D:3      | Noticed Terence
  2611 | D:3      | Found a glowing golden altar of the Shining One.
  2685 | D:4      | Found a staircase to the Ecumenical Temple.
  2715 | Temple   | Entered the Ecumenical Temple
  3173 | D:4      | Reached skill level 5 in Earth Magic
  3350 | D:4      | Reached XP level 6. HP: 29/32 MP: 2/10
  3596 | D:4      | Noticed a phantom
  3691 | D:4      | Killed a phantom
  3835 | D:4      | Noticed Menkaure
  3849 | D:4      | Slain by Menkaure

Vault maps used:
D:1:      dpeg_arrival_water_altar
D:2:      fedhas_altar_2, zin_treasury
D:3:      nicolae_tso_swordbearing_angel, first_bread, uniq_jessica,
          uniq_terence
D:4:      minmay_temple_entry_mist, uniq_menkaure
Temple:   circular_temple_13

Action                   |  1- 3 |  4- 6 || total
-------------------------+-------+-------++-------
Melee: Hand axe          |    96 |   175 ||   271
       Staff             |       |    29 ||    29
 Cast: Sandblast         |    17 |    39 ||    56
       Stoneskin         |     2 |    16 ||    18
       Stone Arrow       |       |    17 ||    17
  Use: Scroll            |       |     6 ||     6
 Stab: Sleeping          |     1 |     1 ||     2
  Eat: Chunk             |     1 |     6 ||     7
       Meat ration       |       |     1 ||     1
